 Dungeon Crawl Stone Soup version 0.28-a0-1594-ga885d4b3d6 (webtiles) character file.

Game seed: 455864189493370165

245 tilp the Chiller (level 5, 22/22 HPs)
             Began as a Felid Ice Elementalist on Jan 20, 2022.
             Quit the game on level 4 of the Dungeon.
             The game lasted 00:05:35 (4598 turns).

tilp the Chiller (Felid Ice Elementalist)           Turns: 4598, Time: 00:05:35

Health: 22/22      AC:  2    Str:  4    XL:     5   Next: 83%
Magic:  10/10      EV: 18    Int: 18    God:
Gold:   229        SH:  0    Dex: 17    Spells: 3/10 levels left
                                        Lives:  0   Deaths: 1

rFire   . . .      SeeInvis +     - Unarmed
rCold   . . .      Faith    .   (shield unavailable)
rNeg    . . .      Spirit   .   (armour unavailable)
rPois   +          Reflect  .   (helmet unavailable)
rElec   .          Harm     .   (cloak unavailable)
rCorr   .          Rampage  .   (gloves unavailable)
Will    +....                   (boots unavailable)
Stlth   +++.......              (no amulet)
HPRegen 0.07/turn               d - ring of poison resistance
MPRegen 0.12/turn               e - ring of willpower

@: quick
A: very small, claws 1, fangs 3, see invisible, speed 1, shaggy fur 2, stealthy
paws, no weapons or thrown items, no armour, multi-lived
a: no special abilities


You were on level 4 of the Dungeon.
You visited 1 branch of the dungeon, and saw 4 of its levels.

You collected 229 gold pieces.

Inventory:

Jewellery
 a - a +6 ring of dexterity
 d - a ring of poison resistance (left paw)
 e - a ring of willpower (right paw)
Potions
 b - a potion of magic {unknown}
 c - a potion of attraction {unknown}
 f - 2 potions of curing
 g - a potion of ambrosia {unknown}


   Skills:
 * Level 2.1 Fighting
 + Level 3.5 Dodging
 + Level 3.6 Stealth
 * Level 2.1 Unarmed Combat
 - Level 3.0 Spellcasting
 - Level 6.0 Ice Magic


You had 3 spell levels left.
You knew the following spells:

 Your Spells              Type           Power      Damage    Failure   Level
a - Freeze                Ice            96%        1d11      1%          1
b - Frozen Ramparts       Ice            48%        1d6       4%          3
c - Ozocubu's Armour      Ice            24%        N/A       4%          3

Your spell library contained the following spells:

 Spells                   Type           Power      Damage    Failure   Level
 Blink                    Tloc           4%         N/A       24%         2
 Hailstorm                Conj/Ice       13%        3d5       43%         4
 Manifold Assault         Tloc           2%         N/A       99%         5
 Storm Form               Tmut/Air       1%         N/A       100%        7


Dungeon Overview and Level Annotations

Branches:
Dungeon (4/15)
 Temple: D:4-7

Altars:


Innate Abilities, Weirdness & Mutations

You have sharp claws.
You have razor-sharp teeth.
You have supernaturally acute eyesight. (SInv)
You cover ground quickly. (Speed+)
You are covered in thick fur. (AC +2)
Your paws help you pounce on unaware monsters.
You are incapable of wielding weapons or throwing items.
You cannot wear armour.
You gain extra lives every three experience levels.


Message History

Unknown command.
The frozen ramparts melt away.
Casting: Ozocubu's Armour (quite dangerous; 4% risk of failure)
Confirm with . or Enter, or press ? or * to list all spells.
You don't have enough magic to cast this spell.
There are monsters nearby!
Unknown command.
Unknown command.
You scratch the orc.
The orc is moderately wounded.
The orc misses you.
Unknown command.
You barely miss the orc.
The orc is moderately wounded.
The orc hits you with a +0 hand axe.
The orc priest mumbles some strange prayers to Beogh against you.
Beogh smites you!
* * * LOW HITPOINT WARNING * * *
Unknown command.
It was a potion of curing.
You feel better. The orc closely misses you. The orc priest closely misses you.
Unknown command.
Casting: Ozocubu's Armour (quite dangerous; 4% risk of failure)
Confirm with . or Enter, or press ? or * to list all spells.
The spell is quite dangerous to miscast (4% risk of failure)!
Continue anyway?
Casting: Frozen Ramparts (quite dangerous; 4% risk of failure)
Press: ? - help, Dir - look around, f - activate The walls around you are covered in ice.
The wall freezes the orc.
The orc hits you with a +0 hand axe.
* * * LOW HITPOINT WARNING * * *
The wall freezes the orc priest.
The orc priest invokes the aid of Beogh against you.
Beogh smites you!
Ouch! That really hurt!
You die...
You are now level 5!
You rejoin the land of the living...
Unknown command.
Unknown command.
Are you sure you want to abandon this character and quit the game? (Confirm with "yes".)

##...........##
##..........#
##........#.
##.###......
#.......####
#....####
##.#######
##........##
#....@.....#
#..........#
##..........#
#........<...#
#............#
##.#..........#
#.###........##
##.# ##.......#
#..# ##......#


There were no monsters in sight!

Vanquished Creatures
  An ogre (D:4)
  A scorpion (D:3)
  A jelly (D:3)
  A hound (D:3)
  Terence (D:3)
  Natasha (thrice) (D:3)
  4 gnolls (D:3)
  3 adders
  An ufetubus (D:4)
  3 worms
  4 dart slugs
  10 orcs
  9 ball pythons
  7 endoplasms
  2 giant cockroaches (D:1)
  6 goblins
  4 hobgoblins
  8 jackals
  3 quokkas (D:3)
  6 bats
  A frilled lizard (D:3)
  A kobold (D:1)
  3 rats
83 creatures vanquished.

Vanquished Creatures (others)
  A plant (D:1)
1 creature vanquished.

Grand Total: 84 creatures vanquished

Notes
Turn   | Place    | Note
-------+----------+-------------------------------------------
     0 | D:1      | tilp the Felid Ice Elementalist began the quest for the
                  | Orb.
     0 | D:1      | Reached XP level 1. HP: 7/7 MP: 4/4
   509 | D:1      | Reached XP level 2. HP: 10/11 MP: 1/6
   578 | D:1      | Reached skill level 4 in Ice Magic
  1418 | D:2      | Reached XP level 3. HP: 14/14 MP: 2/7
  1422 | D:2      | Learned a level 3 spell: Frozen Ramparts
  1841 | D:2      | Learned a level 3 spell: Ozocubu's Armour
  2686 | D:3      | Reached XP level 4. HP: 15/18 MP: 4/9
  2770 | D:3      | Noticed a scorpion
  2799 | D:3      | Killed a scorpion
  2800 | D:3      | Reached skill level 5 in Ice Magic
  2878 | D:3      | Reached XP level 5. HP: 21/21 MP: 3/10
  2971 | D:3      | Noticed Natasha
  2981 | D:3      | Killed Natasha
  3304 | D:3      | Noticed Terence
  3322 | D:3      | Killed Terence
  3323 | D:3      | Reached skill level 6 in Ice Magic
  3486 | D:3      | Noticed Natasha
  3497 | D:3      | Killed Natasha
  3623 | D:3      | Noticed Natasha
  3631 | D:3      | Killed Natasha
  3632 | D:3      | Reached skill level 1 in Fighting
  3632 | D:3      | Reached skill level 1 in Unarmed Combat
  3632 | D:3      | Gained mutation: You are covered in thick fur. (AC +2)
                  | [Felid growth]
  3632 | D:3      | Reached XP level 6. HP: 25/25 MP: 3/11
  4597 | D:4      | Killed from afar by an orc priest
  4598 | D:4      | Reached XP level 5. HP: -8/22 MP: 0/10
  4598 | D:4      | Quit the game

Illustrated notes

Levels and vault maps discovered:
D:1:      minmay_arrival_doors, layout_loops_cross, serial_bayou,
          serial_bayou_lagoon_a, serial_bayou_pond_c, serial_bayou_shore_b,
          serial_bayou_crossing, serial_park_tiny_pond, nrook_mini_backslash,
          grunt_decor_cap, nrook_mini_vaults, minmay_distorted
D:2:      layout_basic
D:3:      layout_rooms, serial_corexii_hall, chequers_hall_statues_y,
          chequers_hall_statues_wall_a, corexii_hall_statues_x,
          corexii_hall_statues_l, corexii_hall_statues_t,
          corexii_hall_statues_t, minmay_divided_ellipse, uniq_terence,
          uniq_natasha
D:4:      layout_cave_pods, overflow_temple_1_default, evilmike_ruin_ashenzari

Skill      XL: |  1  2  3  4  5  6 |
---------------+-------------------+-----
Ice Magic      | 4 5 6 |  6.0
Spellcasting   | 3 |  3.0
Fighting       | 1 2 |  2.1
Dodging        | 3 |  3.5
Unarmed Combat | 1 2 |  2.1
Stealth        | 3 |  3.6

Action                   |  1- 3 |  4- 6 || total
-------------------------+-------+-------++-------
Melee: Unarmed           |    28 |    18 ||    46
       Bite              |     2 |     2 ||     4
       Punch             |     2 |     1 ||     3
 Cast: Freeze            |    44 |    48 ||    92
       Frozen Ramparts   |     4 |    19 ||    23
       Ozocubu's Armour  |       |     9 ||     9
  Use: Scroll            |     4 |     2 ||     6
       Potion            |       |     1 ||     1
 Stab: Sleeping          |     7 |     2 ||     9
Armor: Skin              |     6 |     4 ||    10
Dodge: Dodged            |    43 |    49 ||    92

Table legend: (Time is in decaauts)
 A = Elapsed time spent in this place.
 B = Non-inter-level travel time spent in this place.
 C = Inter-level travel time spent in this place.
 D = Time resting spent in this place.
 E = Time spent auto-exploring this place.
 F = Levels seen in this place.
 G = Mean time per level.
                   A        B        C        D        E       F      G
               +--------+--------+--------+--------+--------+-----+--------+
         Total |   4167 |   4106 |     61 |    208 |   3369 |   4 | 1041.8 |
       Dungeon |   4167 |   4106 |     61 |    208 |   3369 |   4 | 1041.8 |
               +--------+--------+--------+--------+--------+-----+--------+

Top non-repeatable levels by time:
     D:3: 1425 daAuts
     D:1: 1261 daAuts
     D:2: 1154 daAuts
     D:4: 327 daAuts
